[Event "Team 45 45 League T42"]
[Site "Internet Chess Club"]
[Date "2009.10.28"]
[Round "1"]
[White "dinkola"]
[Black "nursey"]
[Result "1-0"]
[WhiteElo "1687"]
[BlackElo "1578"]
[Opening "Nimzo-Indian: 4.e3 e8g8, 5.Nf3 d7d5"]
[ECO "E51"]
[Time "17:00:22"]
[TimeControl "2700+45"]

1. d4 d5 2. c4 e6 3. Nc3 Nf6 4. e3 Bb4 5. Nf3 O-O 6. Bd3 Bxc3+ 7. bxc3 Ne4 8.
Qc2 Nf6 9. O-O Re8 10. Re1 Nbd7 11. cxd5 exd5 12. c4 Nb6 13. cxd5 Nbxd5 14. Bd2
Bg4 15. Ne5 Be6 16. e4 Nb6 17. d5 Nbd7 18. dxe6 Nxe5 19. exf7+ Kxf7 20. Bc4+
Nxc4 21. Qxc4+ Kg6 22. Qc2 Nd7 23. e5+ Kf7 24. e6+ Rxe6 25. Rxe6 Kxe6 26. Qc4+
Ke7 27. Re1+ Kf8 28. Rd1 c5 29. Bf4 g5 30. Bd6+ Kg7 31. Bxc5 b6 32. Qd4+ Kh6 33.
Ba3 Kg6 34. Qxd7 Qxd7 35. Rxd7 Re8 36. Kf1 Ra8 37. Be7 h5 38. Rd8 Rxd8 39. Bxd8
Kf5 40. Ke2 h4 41. h3 Kg6 42. Ke3 Kf5 43. a4 Kg6 44. f4 gxf4+ 45. Kxf4 {Black
resigns} 1-0

[Event "Team 45 45 League T43"]
[Site "Internet Chess Club"]
[Date "2009.11.01"]
[Round "1"]
[White "Pawndemonium"]
[Black "Ernie1"]
[Result "0-1"]
[WhiteElo "1462"]
[BlackElo "1591"]
[Opening "QGD semi-Slav"]
[ECO "D43"]
[Time "21:09:50"]
[TimeControl "2700+45"]

1. d4 c6 2. c4 d5 3. Nc3 e6 4. Nf3 Nf6 5. Bg5 h6 6. Bh4 g5 7. Bg3 dxc4 8. e4 Bb4
9. Bxc4 Nxe4 10. Qc2 f5 11. h4 g4 12. Ne5 Qxd4 13. Rd1 Bxc3+ 14. bxc3 Qxc3+ 15.
Qxc3 Nxc3 16. Rd3 Nd5 17. O-O Nd7 18. Ng6 Rg8 19. Nf4 Nxf4 20. Bxf4 Rg6 21. Re1
Kf7 22. Rde3 Nb6 23. Bb3 Nd5 24. h5 Rg8 25. Bxd5 cxd5 26. Bxh6 Rh8 27. Bf4 Rxh5
28. Rc3 Bd7 29. Rc7 Ke7 30. Rxb7 Rah8 31. f3 Rh1+ 32. Kf2 Rxe1 33. Kxe1 gxf3 34.
gxf3 a5 35. Be5 Rc8 36. Kd2 Rc4 37. a3 Ra4 38. Bb2 Kd6 39. Kd3 Bc6 40. Rb6 Kc5
41. Rb3 Bb5+ 42. Ke3 d4+ 43. Bxd4+ Rxd4 44. Rxb5+ Kxb5 45. Kxd4 Ka4 46. Ke5 Kxa3
47. Kxe6 Kb3 48. Kxf5 a4 49. Ke4 a3 50. f4 a2 51. f5 a1=Q {White resigns} 0-1

[Event "Team 45 45 League T43"]
[Site "Internet Chess Club"]
[Date "2009.11.02"]
[Round "1"]
[White "slipkid"]
[Black "oldprez"]
[Result "1-0"]
[WhiteElo "1477"]
[BlackElo "1367"]
[Opening "Caro-Kann: Panov-Botvinnik attack, 5...g6"]
[ECO "B14"]
[Time "13:30:10"]
[TimeControl "2700+45"]

1. e4 c6 2. d4 d5 3. exd5 cxd5 4. c4 Nf6 5. Nc3 g6 6. Qb3 Bg7 7. cxd5 O-O 8. Be2
Nbd7 9. Bf3 Nb6 10. Nge2 e6 11. dxe6 Bxe6 12. Qc2 Qd7 13. O-O Rac8 14. Bg5 Nfd5
15. Rfd1 Nb4 16. Qc1 Rfe8 17. a3 Nc6 18. d5 Nxd5 19. Nxd5 Bxd5 20. Bxd5 Ne5 21.
Nc3 Qc7 22. Bh6 Ng4 23. Bf4 Be5 24. Bxe5 Qxe5 25. g3 Qh5 26. h4 Rc7 27. Qg5 Qxg5
28. hxg5 Rce7 29. Kg2 b6 30. Bc6 Rc8 31. Bd7 Rc4 32. Bxg4 Rxg4 33. f4 Re3 34.
Nd5 Rexg3+ 35. Kf1 Rg1+ 36. Ke2 R1g2+ 37. Kd3 R4g3+ 38. Ne3 Rxb2 39. Rab1 Rf2
40. Rf1 Ra2 41. Rb3 Rh2 42. Rc3 Rb2 43. Kd4 Rb5 44. Rfc1 Kg7 45. Nf5+ Rxf5 46.
Rxg3 Rxf4+ 47. Ke3 Ra4 48. Rc3 b5 49. Rf3 Ra6 50. Rf6 Rxf6 51. gxf6+ Kxf6 52.
Rc5 h5 53. Kf4 Ke6 54. Rxb5 Kd6 55. Kg5 Ke6 56. a4 f6+ 57. Kxg6 h4 58. Rh5
{Black resigns} 1-0

[Event "Team 45 45 League T43"]
[Site "Internet Chess Club"]
[Date "2009.10.30"]
[Round "1"]
[White "SuperJEM"]
[Black "imgr8"]
[Result "1-0"]
[WhiteElo "2140"]
[BlackElo "1989"]
[Opening "QGD: Tarrasch, Prague variation, 9.Bg5"]
[ECO "D34"]
[Time "19:37:29"]
[TimeControl "2700+45"]

1. c4 c5 2. g3 Nf6 3. Bg2 e6 4. Nf3 d5 5. cxd5 exd5 6. d4 Nc6 7. Nc3 Be7 8. O-O
O-O 9. Bg5 c4 10. Ne5 Be6 11. f4 Qb6 12. Nxc6 bxc6 13. Qd2 Rab8 14. Rab1 Bf5 15.
e4 dxe4 16. Na4 Qb4 17. Qc2 Qa5 18. Rbe1 e3 19. Qd1 Bd3 20. Rxe3 Bxf1 21. Kxf1
Bd8 22. Bxc6 Nd5 23. Re5 Bxg5 24. Bxd5 Bxf4 25. Bxf7+ Rxf7 26. Rxa5 Bc7+ 27. Kg2
Bxa5 28. Qe2 Rc8 29. Qe6 Rc7 30. d5 Kf8 31. d6 Rcd7 32. Nc5 Rd8 33. Qd5 Bb6 34.
Ne6+ Ke8 35. Nxd8 Bxd8 36. Qxc4 Kd7 37. Qd3 g6 38. Qd5 Rf6 39. Qb7+ Kxd6 40.
Qxa7 Bc7 41. a4 Kc6 42. b4 Bb6 43. Qxh7 Rf2+ 44. Kh3 Ra2 45. Qxg6+ Kb7 46. Qf7+
{Black resigns} 1-0

[Event "Team 45 45 League T43"]
[Site "Internet Chess Club"]
[Date "2009.10.30"]
[Round "1"]
[White "snottgoblin"]
[Black "SuperPeon"]
[Result "0-1"]
[WhiteElo "2054"]
[BlackElo "2032"]
[Opening "King's Indian: fianchetto, lesser Simagin (Spassky) variation"]
[ECO "E62"]
[Time "19:31:21"]
[TimeControl "2700+45"]

1. Nf3 d6 2. g3 Nf6 3. Bg2 g6 4. O-O Bg7 5. d4 O-O 6. c4 Nc6 7. Nc3 Bf5 8. Re1
Ne4 9. e3 Nxc3 10. bxc3 e5 11. Nh4 Bd7 12. Rb1 Rb8 13. Ba3 Re8 14. c5 dxc5 15.
Bxc5 b6 16. Ba3 Na5 17. Bf1 Be6 18. Qc2 Nc4 19. Bc1 b5 20. a4 c6 21. Nf3 Qa5 22.
axb5 cxb5 23. Be2 exd4 24. cxd4 Rec8 25. Qd1 b4 26. e4 Na3 27. Ra1 Rc3 28. d5
Bd7 29. Bb2 Ba4 30. Qd2 Rc2 31. Qf4 Bxb2 32. Qxb8+ Kg7 33. Ra2 Bc3 34. Rxc2 Bxc2
35. d6 Ba4 36. Rc1 b3 37. d7 b2 38. Rb1 Bxd7 39. Rxb2 Bxb2 40. Qxb2+ Kg8 41. Kg2
Nb5 42. Qf6 Qb6 43. Qe7 Qe6 44. Qc5 a6 45. e5 Bc6 46. h4 Qd5 47. Qe3 Nd4 48. Bd1
a5 49. g4 a4 50. Bxa4 Qxf3+ 51. Qxf3 Bxf3+ 52. Kg3 Bd5 53. Kf4 h6 54. Kg3 Kf8
55. Bd1 Bb3 56. Bxb3 Nxb3 57. Kf4 Ke7 58. Ke4 Nc5+ 59. Kd4 Nd7 60. f3 Ke6 61. f4
f5 62. exf6 Nxf6 63. g5 hxg5 64. fxg5 Nh5 65. Ke4 Ng3+ 66. Kf4 Nf5 67. Kg4 Ng7
68. Kf4 Kd5 69. Kf3 Ke5 70. Ke3 Kf5 71. Kd4 Kg4 72. Ke5 Kxh4 73. Kf6 Kh5 {White
resigns} 0-1

[Event "Team 45 45 League T42"]
[Site "Internet Chess Club"]
[Date "2009.10.28"]
[Round "1"]
[White "Darkwizard1"]
[Black "jefferyx"]
[Result "1-0"]
[WhiteElo "1843"]
[BlackElo "1979"]
[Opening "Sicilian: Grand Prix attack"]
[ECO "B23"]
[Time "19:30:17"]
[TimeControl "2700+45"]

1. e4 c5 2. Nc3 Nc6 3. f4 g6 4. Nf3 Bg7 5. Bb5 e6 6. O-O Nge7 7. d3 O-O 8. Be3
b6 9. Qe1 a6 10. Bxc6 Nxc6 11. f5 d5 12. fxe6 Bxe6 13. exd5 Bxd5 14. Nxd5 Qxd5
15. Qc1 Nd4 16. Nxd4 Bxd4 17. Bxd4 Qxd4+ 18. Kh1 Rae8 19. Qd2 Re3 20. b3 Rfe8
21. Qf2 f5 22. a4 Re2 23. Qg3 Rxc2 24. Rae1 Rxe1 25. Rxe1 Qf2 26. Qb8+ Kg7 27.
Rg1 Qe3 28. h3 Qe6 29. Qa7+ Kh6 30. Qxa6 Qxb3 31. Qc8 Qf7 32. Qb8 Qf6 33. Rb1
Rb2 34. Rf1 Rb4 35. Qe8 Qd6 36. Re1 Qxd3 37. Qf8+ Kh5 38. Qe7 h6 39. Re3 Qf1+
40. Kh2 Qf4+ 41. Kg1 Rb1+ 42. Re1 Qd4+ 43. Kh1 Rb2 44. Rg1 f4 45. Qe6 f3 46.
gxf3 Qf4 47. Qxg6+ {Black resigns} 1-0

[Event "Team 45 45 League T43"]
[Site "Internet Chess Club"]
[Date "2009.11.01"]
[Round "1"]
[White "irock"]
[Black "Ehab"]
[Result "1-0"]
[WhiteElo "1717"]
[BlackElo "1802"]
[Opening "Scandinavian: Pytel-Wade variation"]
[ECO "B01"]
[Time "09:30:20"]
[TimeControl "2700+45"]

1. e4 d5 2. exd5 Qxd5 3. Nc3 Qd6 4. g3 Nc6 5. Bg2 h5 6. Nf3 h4 7. Nxh4 Nd4 8.
Nf3 Bg4 9. O-O Qh6 10. Re1 Bxf3 11. Bxf3 Qxh2+ 12. Kf1 O-O-O 13. Bg2 Nf6 14. d3
e6 15. Be3 Bc5 16. Na4 Bb6 17. Nxb6+ axb6 18. Bxd4 Rxd4 19. Qf3 c6 20. Ke2 Qh5
21. Qxh5 Rxh5 22. Rh1 Rf5 23. Bf3 Re5+ 24. Kd2 Rf5 25. Ke2 Re5+ 26. Kd2 c5 27.
c3 Rd7 28. Rae1 Rf5 29. Ke3 Nd5+ 30. Bxd5 Rfxd5 31. Rd1 c4 32. d4 e5 33. Rh4 f5
34. f4 exd4+ 35. Rxd4 Re7+ 36. Kf3 Rxd4 37. cxd4 Re4 38. Rh5 Rxd4 39. Rxf5 Rd2
40. Rb5 Kc7 41. g4 Kc6 42. a4 c3 43. bxc3 Rd3+ 44. Ke4 Rxc3 45. Rg5 Rc4+ 46. Kf5
Rxa4 47. Rg6+ Kc7 48. Rxg7+ Kb8 49. g5 Ra5+ 50. Kf6 Rc5 51. Rg8+ Ka7 52. g6 Rc6+
53. Ke7 Rc4 54. f5 b5 55. f6 b4 56. f7 Re4+ 57. Kd6 {Black resigns} 1-0

[Event "Team 45 45 League T43"]
[Site "Internet Chess Club"]
[Date "2009.11.01"]
[Round "1"]
[White "Campagnolo"]
[Black "bobhill"]
[Result "1-0"]
[WhiteElo "2068"]
[BlackElo "1925"]
[Opening "English: symmetrical, four knights system"]
[ECO "A35"]
[Time "21:01:02"]
[TimeControl "2700+45"]

1. c4 c5 2. Nc3 Nc6 3. Nf3 Nf6 4. d4 cxd4 5. Nxd4 g6 6. e4 Bg7 7. Nc2 O-O 8. Be2
d6 9. O-O Ne5 10. Be3 Be6 11. b3 Neg4 12. Bd4 Qa5 13. f3 Ne5 14. Nd5 Bxd5 15.
cxd5 Rac8 16. Ne3 b5 17. a3 Ned7 18. b4 Qa6 19. a4 Nb6 20. Bxb5 Qb7 21. Qd3 e5
22. dxe6 fxe6 23. Ba6 Qe7 24. Bxc8 Nxc8 25. Rac1 e5 26. Bb2 Bh6 27. Rc2 Nh5 28.
Nd5 Qh4 29. Bc1 g5 30. Rxc8 Rxc8 31. Ne7+ Kg7 32. Nf5+ {Black resigns} 1-0

[Event "Team 45 45 League T43"]
[Site "Internet Chess Club"]
[Date "2009.11.03"]
[Round "1"]
[White "bgolev"]
[Black "nosalt"]
[Result "0-1"]
[WhiteElo "1821"]
[BlackElo "2021"]
[Opening "King's Indian, 3.Nf3"]
[ECO "E62"]
[Time "20:30:22"]
[TimeControl "2700+45"]

1. d4 Nf6 2. c4 g6 3. Nf3 Bg7 4. g3 O-O 5. Nc3 d6 6. Bg2 c6 7. O-O Nbd7 8. Qc2
Qc7 9. e4 e5 10. Be3 Ng4 11. h3 Nxe3 12. fxe3 b6 13. Ne2 a5 14. Nd2 Ba6 15. Rf2
Rac8 16. Rc1 Qb7 17. Qb3 b5 18. a4 b4 19. Qd1 Bh6 20. Rf3 Rce8 21. b3 d5 22.
exd5 cxd5 23. dxe5 Nxe5 24. Rf6 Bxe3+ 25. Kh2 Qe7 26. Rxa6 Nd3 27. Rc2 Nf2 28.
Qf1 d4 29. Nf4 Qg5 30. Nf3 Qf5 31. Rxf2 Bxf2 32. Qxf2 d3 33. Nh4 Qd7 34. Nd5 Re6
35. Nf6+ Rxf6 36. Rxf6 d2 37. Bf3 d1=Q 38. Bxd1 Qxd1 39. Rf3 Rd8 40. Ng2 Rd2 41.
Qf1 Qc2 42. h4 Rd1 43. Qf2 Rd2 44. Qf1 Rd1 45. Rf2 Qb1 46. Ne1 Rxe1 47. Qg2 Qd3
48. Qa8+ Kg7 49. Qa7 Kh6 50. Qxf7 Qd4 51. Qf8+ Kh5 52. Qf7 Kh6 53. Kg2 Qe4+ 54.
Qf3 Qe6 55. g4 Qe4 56. Kg3 Re3 57. g5+ Kg7 58. Qxe3 Qxe3+ 59. Rf3 Qe5+ 60. Kg4
Qe4+ 61. Kg3 h6 62. Rf4 Qe1+ 63. Rf2 h5 64. Kg2 Qe4+ 65. Rf3 Qxh4 66. Rg3 Kf7
{White resigns} 0-1

[Event "Team 45 45 League T43"]
[Site "Internet Chess Club"]
[Date "2009.11.01"]
[Round "1"]
[White "ivanson"]
[Black "Beetlejuice"]
[Result "0-1"]
[WhiteElo "1828"]
[BlackElo "1869"]
[Opening "Sicilian: Alapin's variation (2.c3)"]
[ECO "B22"]
[Time "14:00:39"]
[TimeControl "2700+45"]

1. e4 c5 2. c3 d5 3. exd5 Qxd5 4. d4 Nc6 5. Nf3 Bg4 6. dxc5 Qxd1+ 7. Kxd1 e6 8.
b4 a5 9. Bb5 axb4 10. Bxc6+ bxc6 11. cxb4 Nf6 12. Kc2 Bxf3 13. gxf3 Be7 14. Nc3
O-O 15. Be3 Ra3 16. Bc1 Ra7 17. Kb3 Rb8 18. Kc4 Nd5 19. Nxd5 exd5+ 20. Kd3 Rxb4
21. Re1 h6 22. a4 Bxc5 23. a5 Bxf2 24. Re8+ Kh7 25. Bd2 Rb3+ 26. Ke2 Bd4 27. Ra2
Kg6 28. Ra4 Bc5 29. Rc8 Ra6 30. Rc7 f5 31. Rc8 Kf6 32. Rh8 Bd6 33. h3 Be5 34.
Bb4 Bc3 35. Bxc3+ Rxc3 36. Rb8 Rc5 37. Rb6 Raxa5 38. Rxa5 Rxa5 39. Rxc6+ Kg5 40.
Rd6 Ra4 41. Rxd5 Rh4 42. Kf2 Rxh3 43. Kg2 Rh4 44. Kg3 Ra4 45. Rd7 g6 46. Rd5 h5
47. Rd3 h4+ 48. Kh3 Kh5 49. Rb3 g5 50. Rb5 Rf4 51. Kg2 h3+ 52. Kg3 h2 53. Kxh2
Rxf3 54. Kg2 Kg4 55. Rb4+ f4 56. Ra4 Rb3 57. Ra2 f3+ 58. Kh2 Kh4 {White resigns}
0-1

[Event "Team 45 45 League T43"]
[Site "Internet Chess Club"]
[Date "2009.11.01"]
[Round "1"]
[White "room-matt"]
[Black "Budzo"]
[Result "0-1"]
[WhiteElo "1708"]
[BlackElo "1841"]
[Opening "Queen's bishop game"]
[ECO "D02"]
[Time "09:02:58"]
[TimeControl "2700+45"]

1. d4 d5 2. Nf3 Nf6 3. Bf4 e6 4. e3 Bd6 5. Ne5 O-O 6. Bd3 c5 7. dxc5 Bxc5 8. O-O
b6 9. h3 Ba6 10. Qe2 Bxd3 11. Nxd3 Bd6 12. Nd2 Bxf4 13. Nxf4 Nbd7 14. c4 dxc4
15. Nxc4 Qe7 16. Rfd1 Rfd8 17. Rac1 Rac8 18. b3 Nc5 19. Rxd8+ Rxd8 20. Ne5 Qd6
21. Ned3 Nxd3 22. Qxd3 h6 23. Qxd6 Rxd6 24. Rc8+ Kh7 25. Kh2 Rd2 26. Rc7 e5 27.
Rxf7 exf4 28. exf4 Rxa2 29. f3 Kg6 30. Re7 Nd5 31. Re4 Rb2 32. Re6+ Kf7 33. Re5
Nb4 34. Re3 Na6 35. Kg3 Nc5 36. h4 Rxb3 37. Re2 a5 38. Kg4 a4 39. g3 a3 40. Ra2
Na4 41. f5 Nc3 {White resigns} 0-1

[Event "Team 45 45 League T43"]
[Site "Internet Chess Club"]
[Date "2009.10.31"]
[Round "1"]
[White "oldsj"]
[Black "yemisco1"]
[Result "1-0"]
[WhiteElo "1630"]
[BlackElo "1594"]
[Opening "Philidor's defense"]
[ECO "C41"]
[Time "09:07:40"]
[TimeControl "2700+45"]

1. e4 e5 2. Nf3 d6 3. d4 Bg4 4. dxe5 Bxf3 5. gxf3 dxe5 6. Qxd8+ Kxd8 7. Nc3 c6
8. Bg5+ f6 9. O-O-O+ Kc7 10. Be3 Bb4 11. Rg1 g6 12. Bh3 Bxc3 13. bxc3 Ne7 14.
Be6 Rd8 15. f4 Rxd1+ 16. Rxd1 b6 17. fxe5 fxe5 18. Bg5 Nc8 19. Bf6 b5 20. Bxe5+
Kb7 21. Rd8 Nb6 22. Rh8 h5 23. Rh7+ Ka6 24. Rg7 N8d7 25. Bxd7 Nxd7 26. Rxd7 Ka5
27. Bd4 a6 28. Rd6 Re8 29. e5 Rc8 30. Rxg6 c5 31. Be3 c4 32. Bb6+ Ka4 33. Bd4
Ka5 34. Bb6+ Ka4 35. Bc7 b4 36. Rxa6+ Kb5 37. Ra5+ Kc6 38. Bd6 bxc3 39. Rc5+ Kd7
40. Rxc8 Kxc8 41. Kd1 Kd7 42. Ke2 Ke6 43. f4 Kd5 44. f5 Kc6 45. f6 Kd7 46. f7 h4
47. f8=Q h3 48. Qe7+ Kc6 49. Qe6 Kb5 50. Qd5+ Kb6 51. Qc5+ Kb7 52. Qxc4 Kb6 53.
e6 Kb7 54. e7 Kb6 55. e8=Q Ka5 56. Qcb5# {Black checkmated} 1-0

[Event "Team 45 45 League T43"]
[Site "Internet Chess Club"]
[Date "2009.10.30"]
[Round "1"]
[White "reverendjim"]
[Black "badmove"]
[Result "1/2-1/2"]
[WhiteElo "1427"]
[BlackElo "1605"]
[Opening "Ruy Lopez: Marshall, Kevitz variation"]
[ECO "C89"]
[Time "17:36:46"]
[TimeControl "2700+45"]

1. e4 e5 2. Nf3 Nc6 3. Bb5 a6 4. Ba4 Nf6 5. O-O Be7 6. Re1 b5 7. Bb3 O-O 8. c3
d5 9. exd5 Nxd5 10. Nxe5 Nxe5 11. Rxe5 c6 12. Bxd5 cxd5 13. d4 Bd6 14. Re3 Qh4
15. h3 Qf4 16. Re5 Qf6 17. Re1 Qg6 18. Qf3 Be6 19. Bf4 Bxf4 20. Qxf4 Bxh3 21.
Qg3 Qc2 22. Qxh3 Qxb2 23. Nd2 Qxd2 24. Qe3 Qxe3 25. Rxe3 Rfe8 26. Rae1 Kf8 27.
g4 Rxe3 28. Rxe3 Re8 29. Rxe8+ Kxe8 30. f4 g6 31. g5 Ke7 32. Kg2 f6 33. Kg3 fxg5
34. fxg5 Ke6 35. Kg4 a5 36. a3 Kf7 37. Kf4 Ke6 38. Kg4 Kd6 39. Kf4 Ke6 40. Kg4
Kf7 41. Kf4 Ke6 42. Kg4 {Game drawn by repetition} 1/2-1/2

[Event "Team 45 45 League T43"]
[Site "Internet Chess Club"]
[Date "2009.11.03"]
[Round "1"]
[White "beerss"]
[Black "Aquaman"]
[Result "1-0"]
[WhiteElo "1328"]
[BlackElo "1308"]
[Opening "Bird's opening"]
[ECO "A02"]
[Time "20:00:20"]
[TimeControl "2700+45"]

1. f4 b6 2. Nf3 Bb7 3. e3 Nf6 4. Be2 Nc6 5. Bb5 a6 6. Bxc6 Bxc6 7. O-O e6 8. b3
Be7 9. Bb2 O-O 10. d3 Ng4 11. Qe2 Nf6 12. Nbd2 d5 13. Ne5 Bb7 14. Rf3 d4 15. e4
c5 16. Rh3 Bd6 17. Rf1 b5 18. Bc1 a5 19. a4 Ba6 20. axb5 Bxb5 21. Ndc4 Bxc4 22.
Nxc4 Bc7 23. e5 Nd5 24. Qh5 h6 25. Rg3 Kh7 26. f5 Ne3 27. Rxg7+ Kxg7 28. f6+ Kh7
29. Qf3 Nxg2 30. Qe4+ Kh8 31. Bxh6 Rg8 32. Bg7+ Rxg7 33. fxg7+ Kg8 34. Qxg2 f6
35. Qc6 f5 36. Qxe6+ Kxg7 37. Qxf5 Qe7 38. Qg4+ Kh8 39. Rf6 Qxf6 40. Qh5+ Kg7
41. exf6+ Kxf6 42. Qh7 Bf4 43. h3 a4 44. bxa4 Rxa4 45. Qh4+ Bg5 46. Qh8+ Kg6 47.
Qe8+ {Black resigns} 1-0

[Event "Team 45 45 League T43"]
[Site "Internet Chess Club"]
[Date "2009.10.31"]
[Round "1"]
[White "nozmov"]
[Black "chips"]
[Result "0-1"]
[WhiteElo "1376"]
[BlackElo "1212"]
[Opening "Bird's opening"]
[ECO "A02"]
[Time "10:03:16"]
[TimeControl "2700+45"]

1. f4 Nf6 2. Nf3 d5 3. e3 e6 4. b3 Bd6 5. Bb2 O-O 6. Bd3 c6 7. O-O Nbd7 8. c4
Bc5 9. Qc2 g6 10. Nc3 a6 11. Rac1 Ba7 12. Ne2 Nc5 13. Ba3 Re8 14. Bxc5 Bxc5 15.
cxd5 Ba3 16. Rb1 Nxd5 17. Bc4 Nb4 18. Qd1 b5 19. Ne5 Bb7 20. d4 bxc4 21. Nxc4
Nxa2 22. Ra1 Be7 23. Rxa2 c5 24. Rd2 Qd5 25. Nb6 Qxg2# {White checkmated} 0-1

[Event "Team 45 45 League T43"]
[Site "Internet Chess Club"]
[Date "2009.11.02"]
[Round "1"]
[White "Gilguli"]
[Black "dscvdchk"]
[Result "0-1"]
[WhiteElo "1533"]
[BlackElo "1661"]
[Opening "KGA: Fischer defense"]
[ECO "C34"]
[Time "14:02:17"]
[TimeControl "2700+45"]

1. e4 e5 2. f4 exf4 3. Nf3 d6 4. d4 g5 5. Bc4 Bg7 6. O-O h6 7. Nc3 Nc6 8. d5 Ne5
9. Nxe5 Bxe5 10. Bb5+ Bd7 11. Bxd7+ Qxd7 12. Ne2 Qg4 13. c4 Nf6 14. Qa4+ Qd7 15.
Qxd7+ Kxd7 16. Re1 Rae8 17. Rb1 Nxe4 18. b4 b6 19. Bb2 f5 20. Bxe5 Rxe5 21. Nd4
Nd2 22. Rxe5 dxe5 23. Rd1 Nxc4 24. Nxf5 Nd6 25. Ng7 c6 26. dxc6+ Kxc6 27. b5+
Nxb5 28. a4 Nd4 29. Rc1+ Kd7 30. Rd1 Ke7 31. Rxd4 exd4 32. Nf5+ Kf6 33. Nxd4 Rd8
34. Nc6 Rd7 35. Kf2 a5 36. Kf3 Kf5 37. g4+ fxg3 38. hxg3 Rd3+ 39. Kf2 h5 40. g4+
hxg4 41. Ne7+ Ke4 42. Nc8 Rb3 43. Nd6+ Kd5 44. Nf7 Rf3+ 45. Ke2 Rxf7 {White
resigns} 0-1

[Event "Team 45 45 League T43"]
[Site "Internet Chess Club"]
[Date "2009.11.03"]
[Round "1"]
[White "g8wrb"]
[Black "IanT"]
[Result "1-0"]
[WhiteElo "1508"]
[BlackElo "1444"]
[Opening "English opening"]
[ECO "A20"]
[Time "08:03:16"]
[TimeControl "2700+45"]

1. c4 e5 2. g3 c6 3. Bg2 d5 4. cxd5 cxd5 5. Nf3 Nc6 6. O-O Nf6 7. Qb3 e4 8. Ne1
Be6 9. Qxb7 Nd4 10. Nc3 Bd6 11. e3 Nf5 12. d3 O-O 13. dxe4 dxe4 14. Nc2 Be5 15.
Nxe4 Nxe4 16. Qxe4 Qd6 17. Qb4 Rab8 18. Qxd6 Nxd6 19. Nd4 Rfe8 20. b3 Nf5 21.
Bb2 Rbd8 22. Nxe6 Rxe6 23. Bxe5 Rxe5 24. Rfd1 Rde8 25. Rac1 h6 26. Rc7 a5 27.
Rdd7 f6 28. Bh3 Ne7 29. Kf1 Rh5 30. Be6+ Kf8 31. h4 g5 32. Bg4 Nf5 33. Bxf5 gxh4
34. Bg6 Rhe5 35. Rf7+ Kg8 36. Rg7+ Kh8 37. Rh7+ Kg8 38. Rcg7+ Kf8 39. Bxe8 Rxe8
40. gxh4 Re4 41. Rf7+ Kg8 42. Rfg7+ Kf8 43. Rg6 Rxh4 44. Rgxh6 Rg4 45. Rxf6+ Kg8
46. Ra7 Rg5 47. Rb6 Rf5 48. Rb8+ Rf8 49. Rxf8+ Kxf8 50. Rxa5 Ke7 51. Ke2 Ke6 52.
Kd3 Ke7 53. f3 Kd7 54. f4 Ke7 55. Kd4 Kd6 56. e4 Ke6 57. a3 Kd6 58. a4 Ke6 59.
b4 Kd6 60. Rh5 Ke6 61. a5 Kd6 62. b5 Kc7 63. e5 Kd7 64. f5 Ke7 65. Kd5 Kd7 66.
Rh6 Kc7 67. e6 Kd8 68. f6 Ke8 69. b6 Kd8 70. a6 Kc8 71. Rh7 Kd8 72. a7 Ke8 73.
b7 Kd8 74. e7+ Ke8 75. b8=Q+ Kd7 76. Ke5 Kc6 77. f7 Kd7 78. f8=Q Kc6 79. Rh8 Kd7
80. Qfd8+ Kc6 81. e8=Q+ Kc5 82. a8=Q Kc4 83. Qec6# {Black checkmated} 1-0

[Event "Team 45 45 League T43"]
[Site "Internet Chess Club"]
[Date "2009.11.01"]
[Round "1"]
[White "GiulioCre"]
[Black "seldredg"]
[Result "1-0"]
[WhiteElo "1192"]
[BlackElo "1398"]
[Opening "Dutch"]
[ECO "A80"]
[Time "11:30:23"]
[TimeControl "2700+45"]

1. d4 f5 2. Nf3 Nf6 3. e3 e6 4. Bd3 Be7 5. Nbd2 O-O 6. O-O d6 7. e4 fxe4 8. Nxe4
Nxe4 9. Bxe4 Nd7 10. Qd3 Nf6 11. Bg5 Nxe4 12. Bxe7 Qxe7 13. Qxe4 Rb8 14. Rfe1
Bd7 15. Re3 c5 16. dxc5 Bc6 17. cxd6 Qxd6 18. Qxe6+ Qxe6 19. Rxe6 Bxf3 20. gxf3
Rxf3 21. Re7 Rf6 22. Rae1 h6 23. Kf1 a6 24. Re8+ Rxe8 25. Rxe8+ Kf7 26. Rb8 b5
27. Rb7+ Kg6 28. b3 Rc6 29. c4 bxc4 30. bxc4 Rxc4 31. Rb6+ Kf5 32. Rxa6 h5 33.
a4 h4 34. h3 g5 35. Ra5+ Kf4 36. Kg2 Rb4 37. Ra8 Kf5 38. a5 g4 39. hxg4+ Rxg4+
40. Kh3 Ra4 41. a6 Ra3+ 42. Kxh4 Rf3 43. Rf8+ {Black resigns} 1-0

[Event "Team 45 45 League T43"]
[Site "Internet Chess Club"]
[Date "2009.11.02"]
[Round "1"]
[White "tryanything"]
[Black "EyeAm"]
[Result "1-0"]
[WhiteElo "1613"]
[BlackElo "1580"]
[Opening "Danish gambit"]
[ECO "C21"]
[Time "17:58:45"]
[TimeControl "2700+45"]

1. e4 e5 2. d4 exd4 3. c3 dxc3 4. Bc4 cxb2 5. Bxb2 d6 6. Nf3 Nc6 7. O-O Bg4 8.
Qb3 Nh6 9. e5 Bxf3 10. Qxf3 dxe5 11. Nc3 Qf6 12. Qe2 Nd4 13. Qe4 c6 14. Rad1 Be7
15. Rfe1 O-O 16. Qxe5 Qxe5 17. Rxe5 Nhf5 18. Rxe7 Nxe7 19. Rxd4 Rad8 20. Rg4 b5
21. Nd5 Nf5 22. Ne7+ Kh8 23. Nxf5 Rd1+ 24. Bf1 f6 25. Rxg7 {Black resigns} 1-0

[Event "Team 45 45 League T43"]
[Site "Internet Chess Club"]
[Date "2009.10.31"]
[Round "1"]
[White "chicopee-ed"]
[Black "smsxman"]
[Result "0-1"]
[WhiteElo "1392"]
[BlackElo "1519"]
[Opening "Queen's pawn game"]
[ECO "D04"]
[Time "13:30:55"]
[TimeControl "2700+45"]

1. d4 d5 2. Nf3 Nf6 3. e3 Nc6 4. c3 e6 5. Bd3 Be7 6. Nbd2 Bd7 7. O-O O-O 8. e4
dxe4 9. Nxe4 Re8 10. Ne5 Bd6 11. Nxd6 cxd6 12. Nf3 e5 13. Bg5 e4 14. Bc4 exf3
15. Qxf3 Rc8 16. Bd3 h6 17. Bh4 a6 18. Bg3 Bg4 19. Qf4 d5 20. f3 Be6 21. Kh1 Nh5
22. Qh4 Nxg3+ 23. Qxg3 Ne7 24. Qe5 Nc6 25. Qg3 Ne7 26. Qe5 Ng6 27. Qg3 Qf6 28.
Qf2 Nf4 29. Bc2 Bf5 30. Bb3 Re2 31. Qg3 Bd3 32. Rf2 Rce8 33. Rxe2 Rxe2 34. Bxd5
Nxd5 35. Qb8+ Kh7 36. Qxb7 Nf4 37. d5 Qg6 38. Rg1 Rxg2 {White resigns} 0-1

[Event "Team 45 45 League T43"]
[Site "Internet Chess Club"]
[Date "2009.10.30"]
[Round "1"]
[White "DrOMM"]
[Black "guyd52"]
[Result "0-1"]
[WhiteElo "1263"]
[BlackElo "1347"]
[Opening "King's pawn opening"]
[ECO "B07"]
[Time "06:11:47"]
[TimeControl "2700+45"]

1. e4 d6 2. f4 g6 3. Nf3 Nf6 4. Nc3 Bg7 5. Be2 O-O 6. O-O Nbd7 7. d3 e6 8. Be3
c5 9. Qd2 Ng4 10. Ng5 Nxe3 11. Qxe3 Bd4 {White resigns} 0-1

[Event "Team 45 45 League T43"]
[Site "Internet Chess Club"]
[Date "2009.11.02"]
[Round "1"]
[White "wekabird"]
[Black "ars-felidae"]
[Result "1/2-1/2"]
[WhiteElo "1243"]
[BlackElo "1269"]
[Opening "English opening"]
[ECO "A22"]
[Time "03:00:17"]
[TimeControl "2700+45"]

1. c4 e5 2. Nc3 Nf6 3. e4 Bc5 4. h3 Nc6 5. Nf3 d6 6. d3 h6 7. g3 b6 8. Bg2 Bb7
9. O-O Nh5 10. Nxe5 Nxg3 11. Nxc6 Bxc6 12. d4 Nxf1 13. Bxf1 Bb4 14. d5 Bd7 15.
a3 Bxc3 16. bxc3 Qf6 17. Qe1 O-O 18. Be3 Qg6+ 19. Bg2 Bxh3 20. Qf1 Rfe8 21. f3
Re5 22. Kf2 Bxg2 23. Qxg2 Qxg2+ 24. Kxg2 Rae8 25. Kf2 f5 26. Rg1 g5 27. Bd4 R5e7
28. Re1 fxe4 29. Bf6 Rf7 30. Bd4 g4 31. Kg3 h5 32. fxg4 hxg4 33. Kxg4 Kh7 34.
Rh1+ Kg6 35. Rh5 e3 36. Rg5+ Kh6 37. Rh5+ Kg6 38. Rg5+ Kh7 39. Rh5+ Kg6 40. Rg5+
{Game drawn by repetition} 1/2-1/2

[Event "Team 45 45 League T43"]
[Site "Internet Chess Club"]
[Date "2009.10.31"]
[Round "1"]
[White "SCUGrad"]
[Black "GadsHill"]
[Result "0-1"]
[WhiteElo "1279"]
[BlackElo "1553"]
[Opening "Pirc defense"]
[ECO "B07"]
[Time "08:00:34"]
[TimeControl "2700+45"]

1. e4 d6 2. d4 Nf6 3. Nc3 Nbd7 4. f4 e5 5. Nf3 exd4 6. Nxd4 g6 7. Bd3 Bg7 8. Be3
O-O 9. g4 Nc5 10. f5 Re8 11. Qf3 Nfd7 12. fxg6 hxg6 13. O-O-O Ne5 14. Qg3 Bxg4
15. Rd2 Qd7 16. Be2 Bxe2 17. Ndxe2 Qg4 18. Bxc5 Qxg3 19. Nxg3 dxc5 20. Nb5 Bh6
21. Nxc7 Bxd2+ 22. Kxd2 Rad8+ 23. Kc3 Re7 24. Nd5 Re6 25. Rd1 Kg7 26. h4 Nc6 27.
Rg1 Nd4 28. Rg2 Rh8 29. h5 g5 30. h6+ Kxh6 31. Rh2+ Kg7 32. Nh5+ Kg8 33. Nhf6+
Rxf6 34. Nxf6+ Kg7 35. Rxh8 Kxh8 36. Kc4 Ne6 37. Kd5 Kg7 38. Ke5 Kg6 39. c3 Nf4
40. Nd5 Nd3+ 41. Kd6 g4 42. Ne3 g3 43. Ng2 Kf6 44. b3 Kg5 45. e5 Nf4 46. Ke7
Nxg2 47. Kxf7 Nf4 {White resigns} 0-1